cohdb
Replays
Latest Replays
All Replays
Popular Replays
Top Player Replays
Match Explorer
How It Works
Community
CoH3 Stats
Reddit
Sign in to upload your games and track your stats! →
Sign in with Steam
Match 25262121
Unlisted
Match 25262121
Overview
Messages
Build Orders
End
Engineer Squad
Construct Barracks
Riflemen Squad
Riflemen Squad
Riflemen Squad
Grenade Package
Construct Medical Station
Infantry Support Center
Riflemen Squad
Construct Motor Pool
M1918 Browning Automatic Rifles
Munitions Surplus
Riflemen Squad
M8 Greyhound Armored Car
M24 Chaffee Light Tank
M24 Chaffee Light Tank
Survival Training
Advanced Logistics
Riflemen Squad
ConcernedApe
TetrisRanger
0
0
Comments
sign in to comment!
No comments posted yet!